 Dungeon Crawl Stone Soup version 0.18-a0-1311-g779ca93 (console) character file.

142124 Liam the Eclecticist (level 16, -14/98 HPs)
             Began as a Deep Elf Wizard on Apr 11, 2015.
             Was the Champion of Vehumet.
             Shot with a bolt by a yaktaur captain (18 damage)
             ... on level 1 of the Depths on Feb 13, 2016.
             The game lasted 02:50:39 (45966 turns).

Liam the Eclecticist (Deep Elf Wizard)             Turns: 45966, Time: 02:50:40

Health: -14/98     AC: 13    Str:  4    XL:     16   Next: 79%
Magic:  3/50       EV: 11    Int: 31    God:    Vehumet [******]
Gold:   3148       SH:  0    Dex: 13    Spells: 9 memorised, 17 levels left

rFire  + + .     SeeInvis .     d - staff of wizardry
rCold  . . .     Gourm    .     A - +3 leather armour {rF+}
rNeg   . . .     Faith    .     (no shield)
rPois  .         Spirit   .     z - +2 hat
rElec  .         Dismiss  .     C - +1 cloak
rCorr  .         Reflect  .     r - +0 pair of gloves
SustAt .         Harm     .     S - +0 pair of boots
MR     +....                    E - amulet of regeneration
Stlth  ++........               v - ring of magical power
                                k - ring of protection from fire

@: somewhat resistant to hostile enchantments, unstealthy
A: rugged brown scales 1
a: Renounce Religion


You were on level 1 of the Depths.
You worshipped Vehumet.
Vehumet was exalted by your worship.
You were full.

You visited 6 branches of the dungeon, and saw 30 of its levels.
You also visited: Bailey.

You collected 4348 gold pieces.
You spent 1200 gold pieces at shops.

Inventory:

Hand Weapons
 b - the +3 short sword "Nuteirph" {holy, rN+ SInv}
   (You bought it in a shop on level 4 of the Orcish Mines)

   It has been blessed by the Shining One to cause great damage to the undead
   and demons.
   It protects you from negative energy.
   It lets you see invisible.
Armour
 r - a +0 pair of gloves (worn)
 z - a +2 hat (worn)
 A - a +3 leather armour of fire resistance (worn)
 C - a +1 cloak (worn)
 S - a +0 pair of boots (worn)
Magical Staves
 d - an uncursed staff of wizardry (weapon)
Jewellery
 k - a ring of protection from fire (left hand)
 u - an uncursed ring of ice
 v - a ring of magical power (right hand)
 x - an uncursed ring of sustain attributes
 E - an amulet of regeneration (around neck)
 L - an uncursed ring of positive energy
 Q - an uncursed ring of poison resistance
 X - an uncursed ring of flight
Wands
 e - a wand of confusion (35/48)
 f - a wand of flame (42/48)
 B - a wand of lightning (5/15)
 F - a wand of hasting (3/9)
 K - a wand of teleportation (5/9)
 N - a wand of iceblast (7/15)
 R - a wand of lightning (6/15)
 T - a wand of digging (6/24)
Scrolls
 c - a scroll of enchant armour
 g - 5 scrolls of magic mapping
 h - 3 scrolls of teleportation
 i - a scroll of brand weapon
 l - 17 scrolls of identify
 m - a scroll of holy word
 q - a scroll of noise
 y - 9 scrolls of remove curse
 G - 3 scrolls of fog
 O - a scroll of recharging
 W - 3 scrolls of immolation
 Y - a scroll of vulnerability
Potions
 n - a potion of heal wounds
 o - 4 potions of ambrosia
 p - 2 potions of brilliance
 t - 5 potions of lignification
 w - 2 potions of berserk rage
 D - 2 potions of haste
 H - a potion of cancellation
 I - 4 potions of agility
 J - 3 potions of flight
Comestibles
 a - a meat ration
 j - 16 bread rations
 M - 33 fruits


   Skills:
 + Level 9.3 Fighting
 - Level 2.4 Dodging
 - Level 2.4 Stealth
 + Level 19.0 Spellcasting
 + Level 16.1 Conjurations
 + Level 7.4 Charms
   Level 1.1 Summonings
 - Level 5.1 Translocations
 * Level 17.1 Fire Magic
 + Level 5.5 Air Magic
 - Level 5.0 Poison Magic


You had 17 spell levels left.
You knew the following spells:

 Your Spells              Type           Power        Failure   Level  Hunger
a - Magic Dart            Conj           ####         0%          1    None
b - Blink                 Tloc           N/A          1%          2    None
d - Mephitic Cloud        Conj/Pois/Air  ######..     1%          3    None
e - Conjure Flame         Conj/Fire      #######.     0%          3    None
f - Fireball              Conj/Fire      #######...   1%          5    None
m - Deflect Missiles      Chrm/Air       ######....   12%         6    None
o - Orb of Destruction    Conj           #######...   1%          7    ###....
p - Iskenderun's Battles  Conj/Chrm      #######.     1%          5    None
x - Iskenderun's Mystic   Conj           #######.     1%          4    None


Dungeon Overview and Level Annotations

Branches:
Dungeon (15/15)            Temple (1/1) D:6            Lair (8/8) D:11
  Swamp (0/5) Lair:6       Spider (1/5) Lair:6        Slime (0/6) Lair:7
    Orc (4/4) D:10            Elf (0/3) Orc:3        Vaults (0/5) D:14
 Depths (1/5) D:15

Altars:
Ashenzari
Cheibriados
Dithmenos
Elyvilon
Fedhas
Gozag
Kikubaaqudgha
Makhleb
Nemelex Xobeh
Okawaru
Qazlal
Ru
Sif Muna
Trog
Vehumet
Xom
Yredelemnul
Zin
The Shining One
Beogh

Shops:
D:4 !}}   D:5 *   D:7 (   D:8 %   D:10 ![[?*?   Orc:3 }   Orc:4 ((:(

Portals:
Hell: Lair:8 Depths:1
Trove: D:12 (give 12 potions of heal wounds)

Annotations:
D:2 Crazy Yiuf
Lair:7 exclusion: oklob plant
Depths:1 exclusion: obsidian statue


Innate Abilities, Weirdness & Mutations

You are partially covered in rugged brown scales (AC +1, +3% HP).


Message History

You see here a bolt.
Read which item? (? for menu, Esc to quit)
As you read the scroll of fear, it crumbles to dust.
You assume a fearsome visage.
The yaktaur captain resists with almost no effort.
The yaktaur looks frightened! x2; The yaktaur hits something!!
Casting: Mephitic Cloud
Confirm with . or Enter, or press ? or * to list all spells.
Aiming: Mephitic Cloud
Press: ? - help, Shift-Dir - straight line The ball explodes into a vile cloud!
The stinking cloud engulfs the yaktaur.
The yaktaur is lightly wounded.
Your attack snaps the yaktaur out of its fear.
The stinking cloud engulfs the yaktaur captain.
The yaktaur captain is heavily wounded.
The yaktaur is engulfed in noxious fumes.
The yaktaur shoots a bolt.
The bolt hits you!!
* * * LOW HITPOINT WARNING * * *
The yaktaur captain shoots a bolt.
The bolt hits you!!
You die...

#.....##... '.∩
'.......##... ..
..#......#####. §.§. ##'##
.#.......####. ..§§§
##...###.#.##.........
.≈.≈.#
##.....####.........###
..§...##.......##..###..#..
# .≈.≈#.c####'####..# .#...
# .§Qc.......@...## .....##
#c............# ......#
#§.§§§........# #.....
#..c§§........# ##....
#).c.§........## .....
#((............###.#####..
########..................
#######.###.#####..
#.......# #..


You could see a yaktaur captain and 2 yaktaurs.

Vanquished Creatures
  The ghost of Gorice the Bludgeoner, an adept MiWn of Okawaru (D:14)
  Kirke (D:13)
  An emperor scorpion (Spider:1)
  A stone giant (Depths:1)
  A salamander stormcaller (D:15)
  Azrael (D:13)
  2 dire elephants (Lair:8)
  An ettin (Depths:1)
  Josephine (Orc:2)
  Snorg (Lair:6)
  2 fire dragons (D:15)
  An ice dragon (Depths:1)
  An entropy weaver (Spider:1)
  Harold (Lair:3)
  A hell beast (Depths:1)
  8 hydras
  3 centaur warriors
  A catoblepas (Lair:5)
  2 ogre magi (Orc:4)
  25 death yaks
  Urug (D:13)
  A tengu warrior (Depths:1)
  An orc high priest (Orc:4)
  Sonja (Lair:1)
  A sun demon (Lair:8)
  An unseen horror (D:11)
  A wizard (Lair:8)
  2 deep trolls (Orc:4)
  A salamander mystic (D:15)
  5 hill giants
  5 orc knights
  A necromancer (D:14)
  6 wolf spiders (Spider:1)
  An oklob plant (Lair:2)
  3 orb spiders (Spider:1)
  An orc sorcerer (Orc:3)
  2 deep elf magi (Orc:2)
  3 griffons
  7 ugly things
  6 cyclopes
  A manticore (D:14)
  6 black mambas
  3 salamanders (D:15)
  12 elephants
  7 orange demons
  3 torpor snails
  A smoke demon (Lair:8)
  A gargoyle (D:10)
  15 spiny frogs
  8 komodo dragons
  2 yaktaurs (Depths:1)
  2 ice devils (Lair:8)
  2 efreet
  2 fire drakes
  2 hellwings
  2 demonic crawlers (Spider:1)
  2 red devils
  A tengu conjurer (Depths:1)
  5 jumping spiders (Spider:1)
  16 trolls
  Prince Ribbit (D:6)
  16 blink frogs
  8 two-headed ogres
  12 slime creatures
  16 redbacks
  2 vampires (D:13)
  3 tarantellas (Spider:1)
  A spriggan (D:8)
  71 yaks
  7 wraiths
  2 basilisks
  3 hogs (D:13)
  A wyvern (D:12)
  14 hippogriffs
  3 fire elementals
  A steam dragon (D:12)
  4 hungry ghosts
  14 vampire mosquitoes
  26 wolves
  6 wargs
  A mottled dragon (D:15)
  A soldier ant (D:10)
  11 porcupines
  5 hell hounds
  14 water moccasins
  A swamp drake (Orc:2)
  6 ice beasts
  47 orc warriors
  A phantom (D:9)
  2 necrophages (D:11)
  4 black bears
  4 sky beasts
  2 eyes of draining
  2 wasps
  38 ogres
  28 centaurs
  16 crocodiles
  4 big kobolds
  Blork the orc (D:4)
  19 giant frogs
  A water moccasin zombie (D:9)
  2 gnoll sergeants
  3 scorpions
  6 killer bees
  10 jellies
  4 wights (D:10)
  3 electric eels (D:11)
  19 crimson imps
  2 giant frog zombies
  A wasp zombie (D:12)
  4 centaur zombies
  21 hounds
  A quasit (D:12)
  27 orc priests
  3 centaur skeletons
  32 orc wizards
  A giant frog skeleton (D:4)
  An iron imp (Orc:2)
  9 iguanas
  9 worker ants
  A killer bee zombie (D:10)
  38 sheep
  2 worker ant zombies
  15 gnolls
  19 adders
  59 river rats
  4 shadow imps
  4 white imps
  2 adder skeletons
  3 worms (D:2)
  8 giant geckos
  159 orcs
  6 giant cockroaches
  8 hobgoblins
  6 jackals
  7 quokkas
  A ball python (D:1)
  9 bats
  6 giant newts
  6 goblins
  A jackal skeleton (D:6)
  30 kobolds
  2 quokka skeletons
  11 rats
  A bush (Lair:2)
  2 fungi
1186 creatures vanquished.

Vanquished Creatures (others)
  3 slime creatures
  A human (D:13)
  An orc wizard (Orc:2)
  An orc (Orc:2)
  29 fungi
  33 plants
68 creatures vanquished.

Grand Total: 1254 creatures vanquished

Notes
Turn   | Place    | Note
--------------------------------------------------------------
     0 | D:1      | Liam, the Deep Elf Wizard, began the quest for the Orb.
     0 | D:1      | Reached XP level 1. HP: 10/10 MP: 7/7
   464 | D:1      | Reached XP level 2. HP: 9/15 MP: 0/9
   492 | D:1      | Upgraded the game from 0.17-a0-512-gd6a67cc to 0.18-a0-1060-g4fac74f
   492 | D:1      | Upgraded the game from 0.18-a0-1060-g4fac74f to 0.18-a0-1285-g60d00e1
   748 | D:1      | Reached skill level 5 in Spellcasting
  1343 | D:2      | Reached XP level 3. HP: 19/19 MP: 4/11
  1766 | D:2      | Reached XP level 4. HP: 24/24 MP: 5/13
  2058 | D:2      | Noticed Crazy Yiuf
  2094 | D:1      | Learned a level 2 spell: Blink
  2097 | D:1      | Learned a level 2 spell: Repel Missiles
  2101 | D:1      | Learned a level 3 spell: Conjure Flame
  2105 | D:1      | Learned a level 3 spell: Mephitic Cloud
  2266 | D:3      | Reached skill level 6 in Spellcasting
  2275 | D:3      | Reached XP level 5. HP: 9/28 MP: 0/15
  3026 | D:4      | Reached skill level 1 in Air Magic
  3211 | D:4      | Found a glowing golden altar of the Shining One.
  3277 | D:4      | Reached skill level 1 in Charms
  3339 | D:4      | Found Celiw's Gadget Boutique.
  3369 | D:4      | Found Zuoghou's Gadget Boutique.
  3458 | D:4      | Found Ebrighot's Distillery.
  3466 | D:4      | Bought a potion of curing for 36 gold pieces
  3792 | D:4      | Noticed Blork the orc
  3802 | D:4      | Killed Blork the orc
  3802 | D:4      | Reached skill level 1 in Fire Magic
  3802 | D:4      | Reached skill level 1 in Poison Magic
  3802 | D:4      | Reached XP level 6. HP: 26/32 MP: 6/17
  4208 | D:5      | Entered Level 5 of the Dungeon
  4234 | D:5      | Noticed a sky beast
  4247 | D:5      | Killed a sky beast
  4247 | D:5      | Reached XP level 7. HP: 36/36 MP: 10/19
  4265 | D:5      | Learned a level 4 spell: Iskenderun's Mystic Blast
  4324 | D:5      | Found Zin's Purification Station.
  4327 | D:5      | Found a glowing silver altar of Zin.
  4544 | D:5      | Reached skill level 7 in Spellcasting
  5148 | D:5      | Reached XP level 8. HP: 41/41 MP: 6/20
  5563 | D:6      | Found a shimmering altar of Xom.
  5733 | D:6      | Found a staircase to the Ecumenical Temple.
  5789 | D:6      | Reached skill level 5 in Conjurations
  6342 | D:6      | Found a shattered altar of Ashenzari.
  6371 | D:6      | Noticed Prince Ribbit
  6376 | D:6      | Killed Prince Ribbit
  6481 | D:6      | Reached skill level 5 in Charms
  6762 | D:6      | Reached skill level 8 in Spellcasting
  6846 | D:6      | Found a sparkling altar of Nemelex Xobeh.
  6909 | D:6      | Reached XP level 9. HP: 45/45 MP: 2/23
  7560 | Temple   | Entered the Ecumenical Temple
  7770 | Temple   | Became a worshipper of Vehumet
  8253 | D:7      | Reached skill level 5 in Fire Magic
  8382 | D:7      | Found a stormy altar of Qazlal.
  8578 | D:7      | Found Cupu's Antique Weapon Emporium.
  8642 | D:7      | Reached skill level 1 in Fighting
  8642 | D:7      | Reached skill level 9 in Spellcasting
  8815 | D:7      | Found a bloodstained altar of Trog.
  9119 | D:8      | Reached * piety under Vehumet
  9119 | D:8      | Offered knowledge of Sandblast by Vehumet.
  9262 | D:8      | Found Noav's Food Shoppe.
  9644 | D:8      | Reached skill level 10 in Spellcasting
  9715 | D:8      | Offered knowledge of Sting by Vehumet.
  9718 | D:8      | Reached ** piety under Vehumet
 10031 | D:8      | Found a shattered altar of Ashenzari.
 10300 | D:8      | Reached XP level 10. HP: 56/56 MP: 9/26
 11005 | D:9      | Offered knowledge of Static Discharge by Vehumet.
 11401 | D:9      | Reached skill level 11 in Spellcasting
 11425 | D:9      | Reached *** piety under Vehumet
 12305 | D:9      | Offered knowledge of Sticky Flame by Vehumet.
 12356 | D:9      | Reached skill level 5 in Fighting
 12614 | D:9      | Reached **** piety under Vehumet
 12898 | D:9      | Offered knowledge of Throw Icicle by Vehumet.
 12937 | D:9      | Found a white marble altar of Elyvilon.
 12983 | D:9      | Noticed a cyclops
 12986 | D:9      | Killed a cyclops
 12986 | D:9      | Reached skill level 12 in Spellcasting
 13311 | D:10     | Entered Level 10 of the Dungeon
 13315 | D:10     | Reached XP level 11. HP: 59/64 MP: 22/29
 13383 | D:10     | Found Dejyxo's Assorted Antiques.
 13385 | D:10     | Found Tighylu's Magic Scroll Emporium.
 13795 | D:10     | Reached skill level 10 in Conjurations
 13973 | D:10     | Found a shimmering altar of Xom.
 13976 | D:10     | Reached ***** piety under Vehumet
 13977 | D:10     | Offered knowledge of Bolt of Cold by Vehumet.
 14415 | D:10     | Bought an amethyst potion for 29 gold pieces
 14415 | D:10     | Gained mutation: Your flesh is cold resistant. [potion of mutation]
 14415 | D:10     | Gained mutation: You are partially covered in rugged brown scales (AC +1, +3% HP). [potion of mutation]
 14416 | D:10     | Bought a scroll labeled RODIUR XYTZ for 33 gold pieces
 14416 | D:10     | Bought a scroll labeled HODOKH KITRUYRR for 33 gold pieces
 14416 | D:10     | Bought a scroll labeled OCSISI EHIAL for 33 gold pieces
 14420 | D:10     | Bought a scroll of teleportation for 48 gold pieces
 14420 | D:10     | Bought a scroll of identify for 32 gold pieces
 14420 | D:10     | Bought a scroll of magic mapping for 56 gold pieces
 14691 | D:10     | Found Zir Kosa's Magic Scroll Shoppe.
 14727 | D:10     | Found a staircase to the Orcish Mines.
 14731 | D:10     | Found Puluf's Armour Shop.
 14733 | D:10     | Noticed an orc knight
 15081 | D:10     | Killed an orc knight
 15242 | D:10     | Found Ejyowy's Distillery.
 15251 | D:10     | Bought a potion of heal wounds for 65 gold pieces
 15278 | D:10     | Bought a scroll of blinking for 105 gold pieces
 15305 | D:10     | Bought a potion of degeneration for 13 gold pieces
 15306 | D:10     | Lost mutation: Your flesh is cold resistant. [potion of cure mutation]
 15661 | D:10     | Found Qatat's Antique Armour Shop.
 15666 | D:10     | Upgraded the game from 0.18-a0-1285-g60d00e1 to 0.18-a0-1292-ge8ad84c
 15699 | Orc:1    | Entered Level 1 of the Orcish Mines
 15847 | Orc:1    | Found a flagged portal.
 15855 | Bailey   | Entered a bailey
 15863 | Bailey   | Offered knowledge of Lightning Bolt by Vehumet.
 15981 | Bailey   | Reached skill level 13 in Spellcasting
 17327 | Orc:2    | Noticed Josephine
 17855 | Orc:2    | Killed Josephine
 17855 | Orc:2    | Reached XP level 12. HP: 73/75 MP: 12/31
 18216 | Orc:2    | Reached skill level 14 in Spellcasting
 19364 | Orc:3    | Found a roughly hewn altar of Beogh.
 19367 | Orc:3    | Offered knowledge of Iskenderun's Battlesphere by Vehumet.
 19506 | Orc:2    | Learned a level 7 spell: Orb of Destruction
 19512 | Orc:2    | Learned a level 5 spell: Iskenderun's Battlesphere
 19684 | Orc:3    | Found a staircase to the Elven Halls.
 19713 | Orc:3    | Found Qinuneg's Gadget Boutique.
 19931 | Orc:3    | Bought a wand of teleportation (5/9) for 297 gold pieces
 20382 | Orc:4    | Entered Level 4 of the Orcish Mines
 20945 | Orc:4    | Noticed an ogre mage
 21188 | Orc:4    | Killed an ogre mage
 21347 | Orc:4    | Noticed an orc high priest
 21351 | Orc:4    | Killed an orc high priest
 21456 | Orc:4    | Found Ymuhuy's Antique Weapon Emporium.
 21463 | Orc:4    | Reached skill level 15 in Spellcasting
 21860 | Orc:4    | Noticed an ogre mage
 21864 | Orc:4    | Killed an ogre mage
 21896 | Orc:4    | Offered knowledge of Bolt of Draining by Vehumet.
 21927 | Orc:4    | Reached XP level 13. HP: 80/80 MP: 18/34
 22411 | Orc:4    | Found Teotear's Antique Weapon Emporium.
 22456 | Orc:4    | Found Ahaciuf's Weapon Shop.
 22460 | Orc:4    | Bought a shimmering dagger for 196 gold pieces
 22460 | Orc:4    | Bought a scorched short sword for 224 gold pieces
 22460 | Orc:4    | Identified the +8 dagger "Gaiptig" {pierce, rElec rC- Dex+5} (You bought it in a shop on level 4 of the Orcish Mines)
 22461 | Orc:4    | Identified the +3 short sword "Nuteirph" {holy, rN+ SInv} (You bought it in a shop on level 4 of the Orcish Mines)
 22471 | Orc:4    | Found Kicyokam's Book Shoppe.
 23552 | D:11     | Upgraded the game from 0.18-a0-1292-ge8ad84c to 0.18-a0-1300-g6e8322c
 23809 | D:11     | Reached skill level 10 in Fire Magic
 23815 | D:11     | Reached ****** piety under Vehumet
 23815 | D:11     | Offered knowledge of Delayed Fireball by Vehumet.
 23988 | D:11     | Found a staircase to the Lair.
 24927 | D:12     | Found a portal to a secret trove of treasure.
 24976 | Lair:1   | Entered Level 1 of the Lair of Beasts
 25123 | Lair:1   | Noticed Sonja
 25126 | Lair:1   | Killed Sonja
 26606 | Lair:2   | Reached skill level 16 in Spellcasting
 27526 | Lair:3   | Noticed Harold
 27531 | Lair:3   | Killed Harold
 28089 | Lair:3   | Identified a scroll of acquirement
 28607 | Lair:4   | Reached XP level 14. HP: 86/86 MP: 21/36
 28964 | Lair:4   | Offered knowledge of Ozocubu's Refrigeration by Vehumet.
 32812 | Lair:6   | Noticed Snorg
 32814 | Lair:6   | Found a hole to the Spider Nest.
 32823 | Lair:6   | Killed Snorg
 32823 | Lair:6   | Reached skill level 17 in Spellcasting
 32886 | Lair:6   | Offered knowledge of Conjure Ball Lightning by Vehumet.
 33478 | Lair:6   | Found a staircase to the Swamp.
 34379 | Lair:7   | Upgraded the game from 0.18-a0-1300-g6e8322c to 0.18-a0-1303-g41c131c
 35013 | Lair:7   | Found a staircase to the Slime Pits.
 35019 | Lair:7   | Reached XP level 15. HP: 90/90 MP: 38/38
 35164 | Lair:7   | Found a blossoming altar of Fedhas.
 36223 | Lair:8   | Entered Level 8 of the Lair of Beasts
 36376 | Lair:8   | Reached skill level 15 in Fire Magic
 36617 | Lair:8   | Reached skill level 15 in Conjurations
 37513 | Lair:7   | Reached skill level 18 in Spellcasting
 38321 | Lair:8   | Offered knowledge of Fire Storm by Vehumet.
 38321 | Lair:8   | Offered knowledge of Shatter by Vehumet.
 38321 | Lair:8   | Offered knowledge of Chain Lightning by Vehumet.
 38687 | Lair:8   | Found a burning altar of Makhleb.
 38791 | Lair:8   | Found a gateway to Hell.
 39386 | Spider:1 | Entered Level 1 of the Spider Nest
 40572 | Spider:1 | Reached XP level 16. HP: 79/97 MP: 16/40
 40612 | Spider:1 | HP: 2/97 [redback (6)]
 40739 | Lair:6   | Upgraded the game from 0.18-a0-1303-g41c131c to 0.18-a0-1311-g779ca93
 41037 | D:12     | Found a shimmering altar of Xom.
 41591 | D:13     | Learned a level 5 spell: Fireball
 41629 | D:13     | Noticed Kirke
 41631 | D:13     | Killed Kirke
 41756 | D:13     | Noticed Azrael
 41768 | D:13     | HP: 3/98 [hell hound/blast of flame[Azrael] (6)]
 42088 | D:13     | Noticed Urug
 42093 | D:13     | Killed Urug
 42341 | D:13     | Killed Azrael
 42834 | D:14     | Noticed Gorice's ghost (adept MiWn)
 42842 | D:14     | Killed Gorice's ghost
 43036 | Lair:1   | Learned a level 6 spell: Deflect Missiles
 43877 | D:14     | Reached skill level 5 in Poison Magic
 44098 | D:14     | Found a gate to the Vaults.
 44158 | D:15     | Entered Level 15 of the Dungeon
 44653 | D:15     | Reached skill level 5 in Translocations
 44850 | D:15     | HP: 2/98 [salamander stormcaller/great blast of fire (36)]
 45054 | D:15     | Found a staircase to the Depths.
 45232 | D:15     | Reached skill level 5 in Air Magic
 45608 | Depths:1 | Entered Level 1 of the Depths
 45929 | Depths:1 | Reached skill level 19 in Spellcasting
 45966 | Depths:1 | HP: 4/98 [yaktaur/bolt (22)]
 45966 | Depths:1 | Shot with a bolt by a yaktaur captain

Vault maps used:
D:1:      lordsloth_arrival_two_stooges, kennysheep_boxes
D:2:      st_stairs_3, nrook_mini_backslash, uniq_crazy_yiuf_cottage
D:4:      kennysheep_mini, first_bread, serial_shops, shop, shop, shop,
          uniq_blork_the_orc
D:5:      zin_purify, minmay_misc_feat_alley
D:6:      marbit_many_paths, nicolae_overflow_crystal_walls,
          nicolae_ashenzari_panopticon, uniq_prince_ribbit1
D:7:      old_standard_altar, nicolae_overflow_hidden_temple, serial_shops,
          nicolae_shop_temple_entry_statues_fountains
D:8:      lemuel_round_altar, serial_shops, shop_statue, the_bakery,
          hangedman_decor_lopped
D:9:      minmay_imperfect_grid, basic_altar, nicolae_two_hexagons,
          kennysheep_pointless_box, minmay_nine_imps
D:10:     orc_david_3, basic_altar, serial_shops, kennysheep_little_box, shop,
          nicolae_shop_crystal, shop, shop_coins
D:11:     erik_lair_island
D:12:     basic_altar, nicolae_trove_entry_crystal, kennysheep_big_empty_room
D:13:     serial_column_ruins, column_ruins_circle_small, column_ruins_hut,
          column_ruins_open_tiny, column_ruins_grid_3, column_ruins_open_tiny,
          column_ruins_grid_1, column_ruins_columns_straight,
          minmay_large_rounded_square, uniq_kirke, uniq_urug, uniq_azrael
D:14:     david_vaults_1, kennysheep_decorative_pillar
D:15:     grunt_enter_depths_hoard, minivault_4, minmay_misc_feat_room
Temple:   eino_temple_water_12
Lair:1:   eino_small_chamber_without_monster, uniq_sonja
Lair:2:   minmay_lair_oklob_items
Lair:3:   uniq_harold
Lair:4:   infiniplex_staircase_pool, lemuel_fruit_tree, grunt_megastairs_3,
          lemuel_fruit_fields
Lair:5:   grunt_forest_large_clearings, grunt_megastairs_5
Lair:6:   swamp_mist_pool, spider_nest_entry_rubble, grunt_megastairs_1,
          uniq_snorg
Lair:7:   slime_dummy, tgw_fedhas, grunt_megastairs_4
Lair:8:   evil_forest
Orc:1:    enter_volcano_1, enter_bailey_2
Orc:2:    hangedman_minor_magic, uniq_josephine
Orc:3:    serial_shops, nicolae_shop_stone, basic_altar
Orc:4:    st_orc_open
Depths:1: grunt_mini_vestibule, minmay_misc_feat_tower, st_stairs_14,
          hangedman_decor_growths, hangedman_devilish_allure,
          serial_bayou_shore_b
Bailey:   bailey_polearm_flooded_kennysheep, bailey

Action                   |  1- 3 |  4- 6 |  7- 9 | 10-12 | 13-15 | 16-18 || total
-------------------------+-------+-------+-------+-------+-------+-------++-------
Melee: Unarmed           |       |    12 |     5 |    10 |       |       ||    27
       Short sword       |       |       |       |       |    99 |       ||    99
 Cast: Magic Dart        |   101 |   169 |   400 |   492 |   341 |    59 ||  1562
       Blink             |       |     2 |     3 |    11 |    31 |     6 ||    53
       Mephitic Cloud    |       |       |    20 |    63 |     2 |     2 ||    87
       Iskenderun's Myst |       |       |    62 |   399 |   632 |   169 ||  1262
       Repel Missiles    |       |       |     3 |     2 |       |     1 ||     6
       Conjure Flame     |       |       |     3 |       |     1 |       ||     4
       Iskenderun's Batt |       |       |       |    11 |   209 |    68 ||   288
       Orb of Destructio |       |       |       |     7 |    16 |     2 ||    25
       Fireball          |       |       |       |       |       |    43 ||    43
       Deflect Missiles  |       |       |       |       |       |     2 ||     2
Evoke: Wand              |       |       |       |     6 |     3 |     2 ||    11
  Use: Scroll            |       |       |       |    14 |    12 |     7 ||    33
       Potion            |       |       |       |    13 |     6 |     4 ||    23
  Eat: Chunk             |     2 |     5 |    13 |    32 |    43 |    11 ||   106
       Fruit             |       |     2 |       |     4 |     8 |       ||    14
       Pizza             |       |       |     1 |     1 |       |       ||     2
       Meat ration       |       |       |     1 |       |     1 |     2 ||     4
       Beef jerky        |       |       |       |     1 |     1 |       ||     2
       Bread ration      |       |       |       |     1 |     1 |       ||     2
